 Dungeon Crawl Stone Soup version 0.20.0-10-g0535bb4 (webtiles) character file.

78 kuniqs the Skirmisher (level 4, 24/24 HPs)
             Began as a Vine Stalker Berserker on June 3, 2017.
             Was a Believer of Trog.
             Quit the game on level 2 of the Dungeon.
             The game lasted 00:01:36 (946 turns).

kuniqs the Skirmisher (Vine Stalker Berserker)       Turns: 946, Time: 00:01:37

Health: 24/24      AC:  3    Str: 20    XL:     4   Next: 36%
Magic:  5/5        EV: 13    Int:  7    God:    Trog [**....]
Gold:   71         SH:  0    Dex: 14    Spells: 3/3 levels left

rFire    . . .     SeeInvis .   u - -2 rapier (curse)
rCold    . . .     Gourm    .   (no shield)
rNeg     . . .     Faith    .   b - +0 animal skin
rPois    .         Spirit   +   q - +0 helmet
rElec    .         Reflect  .   (no cloak)
rCorr    .         Harm     .   (no gloves)
MR       .....                  (no boots)
Stlth    +.........             (no amulet)
Regen    0.5/turn               (no ring)
MPRegen  0.1/turn               (no ring)

@: no status effects
A: fangs 2, regeneration 1, magic shield, antimagic bite, no potion heal 3, rot
immunity
a: Berserk, Trog's Hand, Burn Spellbooks, Renounce Religion


You were on level 2 of the Dungeon.
You worshipped Trog.
Trog was pleased with you.
You were not hungry.

You visited 1 branch of the dungeon, and saw 2 of its levels.

You collected 71 gold pieces.

Inventory:

Hand Weapons
 a - a +0 short sword
 u - a cursed -2 rapier (weapon)
Armour
 b - a +0 animal skin (worn)
 q - a +0 helmet (worn)
Jewellery
 j - an uncursed ring of wizardry {unknown}
Scrolls
 h - a scroll of enchant weapon {unknown}
 l - 2 scrolls of identify {unknown}
 m - 2 scrolls of remove curse {unknown}
 n - 2 scrolls of teleportation {unknown}
Potions
 g - 2 potions of lignification {unknown}
 i - a potion of brilliance {unknown}
 k - a potion of curing {unknown}
 o - 2 potions of ambrosia {unknown}
 p - 2 potions of agility {unknown}
 r - a potion of heal wounds {unknown}
 s - a potion of degeneration {unknown}
 t - a potion of might {unknown}
Comestibles
 c - 8 chunks of flesh
 d - a bread ration
 e - 3 meat rations
 f - 3 fruits


   Skills:
 + Level 3.3 Fighting
 + Level 3.0 Short Blades
 + Level 2.1 Armour
 + Level 2.5 Dodging


You had 3 spell levels left.
You didn't know any spells.

Dungeon Overview and Level Annotations

Branches:
Dungeon (2/15)

Altars:


Innate Abilities, Weirdness & Mutations

You have extremely sharp teeth.
Your natural rate of healing is unusually fast.
When hurt, damage is shared between your health and your magic reserves.
Your bite disrupts and absorbs the magic of your enemies.
Potions cannot restore your health.
You are immune to rotting.


Message History

t - a blue potion You now have 54 gold pieces (gained 8).
f - 3 fruits (gained 1)
Found a dagger.
e - 3 meat rations (gained 1)
p - 2 glowing silvery potions (gained 1)
A ball python comes into view.
The ball python hisses angrily.
You barely miss the ball python. You bite the ball python. You drain its power.
You kill the ball python!
Trog accepts your kill.
You now have 71 gold pieces (gained 17).
Found a rapier.
Found a stone staircase leading down.
You see here a rapier.
u - a rapier Wield which item (- for none, * to show all)? (? for menu, Esc to quit)
It sticks to your hand!
u - a cursed -2 rapier (weapon)
Are you sure you want to abandon this character and quit the game? (Confirm with "yes".)

# #### #...# #. #>
#..## #.).# ##.
#.##...# #...###..
##..#.#.#### #....##..
#..........####....##..
#.............#....##..
#......................
#......................
#.....@................
#########...........#..
##............#
##...#...###..
######### ###


There were no monsters in sight!

Vanquished Creatures
  4 gnolls (D:2)
  A dart slug (D:1)
  2 leopard geckos
  A ball python (D:2)
  5 bats
  2 giant cockroaches (D:1)
  5 goblins (D:1)
  3 hobgoblins
  2 frilled lizards (D:1)
  7 kobolds
  6 rats (D:1)
38 creatures vanquished.

Notes
Turn   | Place    | Note
-------+----------+-------------------------------------------
     0 | D:1      | kuniqs the Vine Stalker Berserker began the quest for the Orb.
     0 | D:1      | Reached XP level 1. HP: 11/11 MP: 2/2
   171 | D:1      | Reached XP level 2. HP: 15/16 MP: 3/3
   466 | D:1      | Reached XP level 3. HP: 17/19 MP: 2/4
   471 | D:1      | Reached ** piety under Trog
   716 | D:2      | Gained mutation: Your natural rate of healing is unusually fast. [Vine Stalker growth]
   716 | D:2      | Reached XP level 4. HP: 10/24 MP: 5/5
   946 | D:2      | Quit the game

Skill      XL: |  1  2  3 |
---------------+----------+-----
Dodging        | 2 |  2.5
Fighting       | 3 |  3.3
Armour         | 2 |  2.1
Short Blades   | 3 |  3.0

Action                   |  1- 3 |  4- 6 || total
-------------------------+-------+-------++-------
Melee: Short sword       |    72 |    21 ||    93
       Bite              |    18 |     7 ||    25
Invok: Berserk           |     3 |       ||     3
 Stab: Sleeping          |     1 |       ||     1
  Eat: Chunk             |     1 |     2 ||     3
Armor: Animal skin       |     8 |     2 ||    10
Dodge: Dodged            |    40 |    18 ||    58
